 Dungeon Crawl Stone Soup version 0.31-a0-234-gad7ace16ef (webtiles) character file.

Game seed: 9969828166941246786

265 qw the Shooter (level 6, 0/37 HPs)
             Began as a Gargoyle Hexslinger on July 9, 2023.
             Slain by a troll (4 damage)
             ... on level 6 of the Dungeon.
             The game lasted 00:01:32 (3131 turns).

qw the Shooter (Gargoyle Hexslinger)                Turns: 3131, Time: 00:01:33

Health: 0/37       AC: 10    Str: 18    XL:     6   Next: 20%
Magic:  7/7        EV: 11    Int: 13    God:
Gold:   148        SH:  0    Dex: 14    Spells: 6/7 levels left

rFire   . . .        Y - +1 sling
rCold   . . .        (no shield)
rNeg    + . .        g - +0 ring mail
rPois   inf          (no helmet)
rElec   +            i - +0 cloak
rCorr   .            (no gloves)
SInv    +            (no boots)
Will    .....        (no amulet)
Stlth   +            k - +6 ring of strength
HPRegen 0.26/turn    d - ring of see invisible
MPRegen 0.10/turn

%: no passive effects
@: no status effects
A: sickness immunity, AC +4, negative energy resistance 1, electricity
resistance, torment resistance 1, petrification resistance
a: no special abilities


You were on level 6 of the Dungeon.
You visited 1 branch of the dungeon, and saw 5 of its levels.

You collected 148 gold pieces.


Innate Abilities, Weirdness & Mutations

You are immune to sickness and miasma.
Your stone body is resilient. (AC +4)
You are immune to poison.
You resist negative energy. (rN+)
You are resistant to electric shocks. (rElec)
You are resistant to unholy torment.
You are immune to petrification.


   Skills:
 - Level 3.3 Fighting
 + Level 5.3 Ranged Weapons
 - Level 1.1 Armour
 - Level 1.5 Dodging
 - Level 1.0 Spellcasting
 - Level 2.6 Hexes


You had 6 spell levels left.
You knew the following spells:

 Your Spells              Type           Power      Damage    Failure   Level
a - Slow                  Hex            28%        N/A       17%         1

Your spell library contained the following spells:

 Spells                   Type           Power      Damage    Failure   Level
 Inner Flame              Hex/Fire       4%         N/A       65%         3
 Portal Projectile        Hex/Tloc       8%         N/A       65%         3
 Cause Fear               Hex            3%         N/A       86%         4

Inventory:

Hand Weapons
 Y - a +1 sling (weapon)
Armour
 g - a +0 ring mail (worn)
 i - a +0 cloak (worn)
 j - the +1 pair of gloves "Ethaji" {Harm *Corrode Will- Dex+8}
   (You found it on level 3 of the Dungeon)

   Dex:       It affects your dexterity (+8).
   *Corrode:  It may corrode you when you take damage.
   Harm:      It increases damage dealt and taken.
   Will:      It decreases your willpower.
Jewellery
 d - a ring of see invisible (right hand)
 k - a +6 ring of strength (left hand)
 l - a +6 ring of dexterity
Scrolls
 f - a scroll of identify
 m - a scroll of noise {unknown}
Potions
 a - 2 potions of heal wounds {unknown}
 b - a potion of enlightenment
 c - a potion of magic {unknown}
 e - a potion of lignification {unknown}
 h - 3 potions of curing

Dungeon Overview and Level Annotations

Branches:
Dungeon (6/15)
 Temple: D:4-7

Altars:
Trog
Xom

Annotations:
D:2 1 runed translucent door, Crazy Yiuf


Message History

Enter note: You open the door.
There is an open door here.
You open the door.
There is an open door here.
You open the door. You open the door.
There is an open door here.
You open the door.
There is an open door here.
A troll comes into view.
The troll shouts!
Enter note:
Enter note: You shoot a sling bullet.
The sling bullet hits the troll.
The troll is lightly wounded.
A troll is nearby!
Enter note:
Enter note: You shoot a sling bullet.
The sling bullet hits the troll.
The troll is lightly wounded.
You shoot a sling bullet.
The sling bullet barely misses the troll.
You shoot a sling bullet.
The sling bullet barely misses the troll.
You shoot a sling bullet.
The sling bullet barely misses the troll.
The troll bites you but does no damage. The troll claws you. x2
You shoot a sling bullet. The sling bullet hits the troll.
The troll is lightly wounded.
The troll bites you. The troll claws you but does no damage.
The troll barely misses you.
You shoot a sling bullet. The sling bullet hits the troll.
The troll is moderately wounded.
The troll bites you. The troll claws you.
The troll claws you but does no damage.
You shoot a sling bullet. The sling bullet hits the troll.
The troll is moderately wounded.
The troll bites you! The troll claws you. x2
You die...

# # ..... # ..... # ...#
### ## # #..# ..##... #
#... #..##....... #
#....#.......... # ###
#....#...T..# ###.#
#....#...@..#
#...####....##'##.......
#...#..##.......#.......
#.......#.......#.......
'.......#.......#.......
#.......#.......#.......
#..##..##.......#.......
#..#########....#.......
#...#......#....#


You could see a troll.

Vanquished Creatures
  Ijyb (D:3)
  Natasha (thrice) (D:3)
  Terence (D:3)
  3 adders
  A gnoll (D:1)
  An ufetubus (D:4)
  A worm (D:2)
  4 dart slugs
  2 orcs
  5 ball pythons
  10 endoplasms
  2 giant cockroaches
  8 goblins
  7 hobgoblins
  5 jackals
  9 kobolds
  5 quokkas
  6 bats
  4 frilled lizards
  4 rats (D:1)
82 creatures vanquished.

Notes
Turn   | Place    | Note
-------+----------+-------------------------------------------
     0 | D:1      | qw the Gargoyle Hexslinger began the quest for the Orb.
     0 | D:1      | Reached XP level 1. HP: 12/12 MP: 2/2
     0 | D:1      | 0 ||| qw: Version: 0.3-a-51-g015441d
     0 | D:1      | 0 ||| qw: Game counter: 4066
     0 | D:1      | 0 ||| qw: Melee chars always use a shield: true
     0 | D:1      | 0 ||| qw: God list: Okawaru
     0 | D:1      | 0 ||| qw: Allow faded altars: false
     0 | D:1      | 0 ||| qw: Do Orc after clearing Dungeon:15 true
     0 | D:1      | 0 ||| qw: Do second Lair branch before Depths: true
     0 | D:1      | 0 ||| qw: Lair rune preference: random
     0 | D:1      | 0 ||| qw: Goals: Normal
     0 | D:1      | 0 ||| PLANNING D:1-11
   108 | D:1      | Reached XP level 2. HP: 16/16 MP: 3/3
   218 | D:1      | Reached skill level 3 in Ranged Weapons
   294 | D:1      | Reached XP level 3. HP: 12/21 MP: 4/4
   388 | D:1      | Found a faded altar of an unknown god.
   731 | D:1      | 731 ||| UPGRADING to +0 ring mail.
   741 | D:1      | 741 ||| DROPPING +0 robe.
   742 | D:1      | 742 ||| UPGRADING to +0 cloak.
   747 | D:1      | 747 ||| UPGRADING to +6 ring of strength.
   748 | D:1      | 748 ||| READING 2 scrolls labelled BYEPAGH PIOX.
   753 | D:1      | 753 ||| READING 5 scrolls labelled LAORCH NUIR.
   754 | D:1      | 754 ||| READING scroll labelled ELYJOYL UCISU.
   755 | D:1      | 755 ||| READING 4 scrolls of identify.
   755 | D:1      | 755 ||| IDENTIFYING dark potion
   756 | D:1      | 756 ||| READING 3 scrolls of identify.
   756 | D:1      | 756 ||| IDENTIFYING coppery potion
   757 | D:1      | 757 ||| READING 2 scrolls of identify.
   757 | D:1      | 757 ||| IDENTIFYING green potion
   758 | D:1      | 758 ||| DROPPING scroll of poison.
   759 | D:1      | 759 ||| DROPPING potion of degeneration.
   760 | D:1      | 760 ||| DROPPING potion of brilliance.
   778 | D:2      | 778 ||| STAIRDANCE
   837 | D:2      | Found a runed translucent door.
   838 | D:2      | Noticed Crazy Yiuf
   901 | D:2      | Reached XP level 4. HP: 26/26 MP: 5/5
  1095 | D:2      | Reached skill level 4 in Ranged Weapons
  1433 | D:2      | Reached skill level 1 in Armour
  1600 | D:2      | 1600 ||| UPGRADING to ring of see invisible.
  1601 | D:2      | 1601 ||| READING scroll labelled QINGUY COCOH.
  1674 | D:3      | Found a shimmering altar of Xom.
  1707 | D:3      | Identified the +1 pair of gloves "Ethaji" {Harm *Corrode
                  | Will- Dex+8}
  1725 | D:3      | Found a bloodstained altar of Trog.
  1758 | D:3      | Noticed Terence
  1779 | D:3      | Killed Terence
  1780 | D:3      | Reached XP level 5. HP: 16/30 MP: 6/6
  1949 | D:3      | Noticed Natasha
  1956 | D:3      | Killed Natasha
  2046 | D:3      | Noticed Ijyb
  2049 | D:3      | 2049 ||| FLEEEEING.
  2050 | D:3      | 2050 ||| FLEEEEING.
  2054 | D:3      | 2054 ||| FLEEEEING.
  2058 | D:3      | 2058 ||| FLEEEEING.
  2059 | D:3      | 2059 ||| FLEEEEING.
  2060 | D:3      | 2060 ||| FLEEEEING.
  2062 | D:3      | 2062 ||| FLEEEEING.
  2063 | D:3      | 2063 ||| FLEEEEING.
  2064 | D:3      | 2064 ||| FLEEEEING.
  2071 | D:3      | 2071 ||| FLEEEEING.
  2072 | D:3      | 2072 ||| FLEEEEING.
  2073 | D:3      | 2073 ||| FLEEEEING.
  2078 | D:3      | 2078 ||| FLEEEEING.
  2079 | D:3      | 2079 ||| FLEEEEING.
  2090 | D:3      | HP: 6/30 [Ijyb/puff of flame (8)]
  2091 | D:3      | 2091 ||| READING 2 scrolls of teleportation.
  2095 | D:3      | 2095 ||| READING scroll of teleportation.
  2102 | D:3      | Noticed Natasha
  2108 | D:3      | HP: 4/30 [Natasha (7)]
  2110 | D:3      | Killed Natasha
  2111 | D:3      | Reached skill level 5 in Ranged Weapons
  2290 | D:3      | Noticed Natasha
  2303 | D:3      | Killed Natasha
  2371 | D:3      | HP: 4/32 [Ijyb/+0 hand axe of distortion (21)]
  2375 | D:3      | HP: 1/32 [Ijyb/+0 hand axe of distortion (1)]
  2376 | D:3      | Killed Ijyb
  2377 | D:3      | Reached skill level 3 in Fighting
  2377 | D:3      | Reached XP level 6. HP: 2/37 MP: 7/7
  2871 | D:3      | 2871 ||| READING scroll labelled LIUSASHOHE.
  2872 | D:3      | 2872 ||| READING scroll labelled FUSANONWEI.
  2873 | D:3      | 2873 ||| DRINKING 2 inky potions.
  3016 | D:4      | You fall into a shaft and drop 2 floors!
  3122 | D:6      | Noticed a troll
  3131 | D:6      | HP: 7/37 [troll (13)]
  3131 | D:6      | Slain by a troll

Levels and vault maps discovered:
D:1:      wander_arrival_estate, layout_basic,
          hellmonk_ecumenical_altar_pennies_from_heaven, minmay_pentomino_w4
D:2:      layout_basic, uniq_crazy_yiuf_cottage
D:3:      layout_basic, bloody_trog, old_standard_altar, uniq_terence,
          uniq_natasha, uniq_ijyb
D:4:      layout_basic, minmay_temple_entry_proselytizer,
          minmay_gold_behind_fungi, minmay_misc_feat_secret_circle,
          patterned_corridor, uniq_grinder
D:6:      layout_gridville, nicolae_overflow_two_pavilions, uniq_menkaure

Skill      XL: |  1  2  3  4  5 |
---------------+----------------+-----
Ranged Weapons | 3 4 5 |  5.3
Fighting       | 2 3 |  3.3
Armour         | 1 |  1.1
Dodging        | |  1.5
Spellcasting   | |  1.0
Hexes          | |  2.6

Action                     |  1- 3 |  4- 6 || total
---------------------------+-------+-------++-------
   Fire: Sling             |   124 |   256 ||   380
    Use: Scroll            |     6 |     5 ||    11
         Potion            |       |     1 ||     1
 Armour: Robe              |    15 |       ||    15
         Ring mail         |    24 |    81 ||   105
  Dodge: Dodged            |    45 |   129 ||   174

Table legend:
 A = Non-vault XP
 B = Vault XP
 C = Vault XP percentage of total XP
 D = Non-vault monster count
 E = Vault monster count
 F = Vault count percentage of total count
                 A         B        C        D         E       F
            +---------+---------+-------+---------+---------+-------
      Total |     259 |     120 |  31.7 |      71 |      11 |  13.4
            +---------+---------+-------+---------+---------+-------
        D:1 |      49 |      12 |  19.7 |      21 |       8 |  27.6
        D:2 |      73 |       0 |   0.0 |      24 |       0 |   0.0
        D:3 |     111 |     108 |  49.3 |      22 |       3 |  12.0
        D:4 |      26 |       0 |   0.0 |       4 |       0 |   0.0
            +---------+---------+-------+---------+---------+-------
